 Dungeon Crawl Stone Soup version 0.32-a0-975-g85d4e5bfdb (webtiles) character file.

Game seed: 14260613988553290674

103 tilp the Vexing (level 4, -1/32 HPs)
             Began as a Vampire Enchanter on Apr 19, 2024.
             Killed by divine providence
             ... invoked by an orc priest
              (9 damage)
             ... on level 3 of the Dungeon.
             The game lasted 00:04:32 (1928 turns).

tilp the Vexing (Vampire Enchanter)                 Turns: 1928, Time: 00:04:33

Health: -1/32      AC:  3    Str:  7    XL:     4   Next: 51%
Magic:  1/7        EV: 11    Int: 19    God:
Gold:   61         SH:  0    Dex: 14    Spells: 2/7 levels left

rFire   + . .        a - +1 dagger
rCold   + . .        (no shield)
rNeg    . . .        o - +0 robe
rPois   .            k - +0 helmet
rElec   .            d - scarf {rC+ rF+}
rCorr   .            (no gloves)
SInv    +            (no boots)
Will    .....        (no amulet)
Stlth   +++          (no ring)
HPRegen 0.45/turn    (no ring)
MPRegen 0.10/turn

%: no passive effects
@: healing quickly
A: alive, fangs 3, see invisible, vampiric 2
a: Exsanguinate, Convert to Beogh


You were on level 3 of the Dungeon.
You visited 1 branch of the dungeon, and saw 3 of its levels.

You collected 116 gold pieces.
You spent 55 gold pieces at shops.

Inventory:

Hand Weapons
 a - a +1 dagger (weapon)
 b - a +0 falchion
Missiles
 j - 6 boomerangs (quivered)
Armour
 d - a scarf of resistance (worn)
 e - a scarf of invisibility
 k - a +0 helmet (worn)
 o - a +0 robe (worn)
Scrolls
 f - 3 scrolls of noise {unknown}
 h - 2 scrolls of teleportation
 l - 4 scrolls of enchant armour {unknown}
 n - a scroll of torment {unknown}
 p - a scroll of immolation {unknown}
 q - a scroll of brand weapon {unknown}
 r - 2 scrolls of identify
 u - a scroll of amnesia {unknown}
Potions
 c - 3 potions of invisibility
 g - a potion of brilliance
 i - 2 potions of curing
 m - a potion of lignification
 s - a potion of haste {unknown}
 t - 2 potions of magic {unknown}


   Skills:
 * Level 1.4 Fighting
 + Level 1.6(2.1) Short Blades
 * Level 1.7(2.1) Long Blades
 + Level 2.6 Dodging
 + Level 4.8 Stealth
 + Level 2.4 Spellcasting
 * Level 5.2 Hexes


You had 2 spell levels left.
You knew the following spells:

 Your Spells              Type           Power      Damage    Failure   Level
a - Ensorcelled Hibernat  Hex/Ice        24%        N/A       9%          2
b - Confusing Touch       Hex            22%        N/A       6%          3

Your spell library contained the following spells:

 Spells                   Type           Power      Damage    Failure   Level
 Tukima's Dance           Hex            22%        N/A       6%          3
 Dazzling Flash           Conj/Hex       24%        N/A       17%         3


Dungeon Overview and Level Annotations

Branches:
Dungeon (3/15)

Altars:
Makhleb

Shops:
D:1 [?((

Annotations:
D:1 dig vaults


Innate Abilities, Weirdness & Mutations

Your natural rate of healing is accelerated.
You have razor-sharp teeth.
You have supernaturally acute eyesight. (SInv)
You are afflicted with vampirism and can become a bat while bloodless.


Message History

Aiming: Ensorcelled Hibernation (safe; 9% risk of failure)
Press: ? - help, Shift-Dir - straight line, f - orc
Aim: an orc, wielding a +0 dagger (wandering, hasn't noticed you, chance to affect: 63%)
The orc shouts!
The orc looks drowsy...
You hear a shout!
An orc priest and 2 orcs come into view.
The orc moves out of view.
Found a pink potion.
Casting: Ensorcelled Hibernation (safe; 9% risk of failure)
Confirm with . or Enter, or press ? or * to list all spells.
Aiming: Ensorcelled Hibernation (safe; 9% risk of failure)
Press: ? - help, Shift-Dir - straight line, f - orc priest, p - orc
Aim: an orc priest, wielding a +3 hand axe (chance to affect: 46%)
The orc priest resists with some effort.
The orc priest invokes the aid of Beogh against you.
Beogh smites you!
The orc shouts!
Casting: Ensorcelled Hibernation (safe; 9% risk of failure)
Confirm with . or Enter, or press ? or * to list all spells.
Aiming: Ensorcelled Hibernation (safe; 9% risk of failure)
Press: ? - help, Shift-Dir - straight line, f/p - orc priest
Aim: an orc priest, wielding a +3 hand axe (chance to affect: 46%)
You miscast Ensorcelled Hibernation.
You are very lightly contaminated with residual magic.
Nothing appears to happen.
The orc priest hits you with a +3 hand axe.
The orc priest threatens, "Beogh's wrath is as vast as their mercy.
Make your choice!" (press Y on the ability menu to convert to Beogh)
The orc attacks as it pursues you! The orc misses you.
The orc hits you with a +0 club.
The orc priest hits you with a +3 hand axe.
The orc priest attacks as it pursues you!
The orc priest hits you with a +3 hand axe!
* * * LOW HITPOINT WARNING * * *
The orc attacks as it pursues you! The orc closely misses you.
Your magical contamination has completely faded away.
The orc priest mumbles some strange prayers to Beogh against you.
Beogh smites you!
You die...

...........# #.#
#...... ....>......##
#.# #......
............# #.####
#...... ............#
#....# #......
............# #....#
#...... ............##
#....# #......
!.........oo.###....###
#.....)
...........#o..#.###..#
##...##
####'#._.#.###o@.# #.##
##..# #
#...#).###..###.# #..#
......#..###..##.#
#..##
........+..........#
#....
..)......########...#
#..## .....##### ###.#
#..# ..... #.# #..# #.#
#..# ### ####


You could see an orc priest and 3 orcs.

Vanquished Creatures
  Terence (D:2)
  An adder (D:2)
  3 dart slugs
  3 ribbon worms (D:2)
  An orc (D:3)
  4 ball pythons
  6 endoplasms
  A giant cockroach (D:2)
  2 goblins (D:2)
  6 hobgoblins
  A quokka (D:1)
  5 bats
  3 frilled lizards
  8 kobolds
  7 rats
52 creatures vanquished.

Notes
Turn   | Place    | Note
-------+----------+-------------------------------------------
     0 | D:1      | tilp the Vampire Enchanter began the quest for the Orb.
     0 | D:1      | Reached XP level 1. HP: 13/13 MP: 3/3
    49 | D:1      | Found Ociol Koa's Weapon Emporium.
    88 | D:1      | Found Neonutwu's Antique Weapon Shoppe.
   150 | D:1      | Found Deficedgh's Magic Scroll Shop.
   292 | D:1      | Found Pavvib's Armour Shoppe.
   312 | D:1      | Reached XP level 2. HP: 15/20 MP: 5/5
   326 | D:1      | Learned a level 2 spell: Ensorcelled Hibernation
   524 | D:1      | Reached skill level 1 in Long Blades
   945 | D:2      | Gained mutation: You are afflicted with vampirism and can
                  | become a bat while bloodless. [Vampire growth]
   945 | D:2      | Reached XP level 3. HP: 25/25 MP: 6/6
   953 | D:2      | Learned a level 3 spell: Confusing Touch
   977 | D:2      | Noticed Terence
  1008 | D:1      | Bought a scroll of teleportation for 33 gold pieces
  1059 | D:2      | Killed Terence
  1060 | D:2      | Reached skill level 1 in Fighting
  1060 | D:2      | Reached skill level 5 in Hexes
  1094 | D:2      | Reached XP level 4. HP: 19/32 MP: 2/7
  1340 | D:1      | Bought a scroll of identify for 22 gold pieces
  1902 | D:3      | Found a burning altar of Makhleb.
  1928 | D:3      | Killed from afar by an orc priest

Illustrated notes

Levels and vault maps discovered:
D:1:      dpeg_arrival_concentric_ovals, layout_basic, serial_shops, shop,
          nicolae_shop_crystal, shop, shop, serial_glass, glass_columns_b,
          glass_columns_b, glass_columns_b, glass_columns_b, feat_on_display,
          item_on_display_a, minmay_strange_pillars, item_on_display_a,
          item_on_display_a
D:2:      kennysheep_big_flooded_room, layout_rooms, kennysheep_generic_room_2,
          uniq_terence
D:3:      layout_basic, bloody_makhleb, marbit_many_paths, old_standard_altar,
          yredelemnul_forgotten_temple_becter

Skill      XL: |  1  2  3 |
---------------+----------+-----
Long Blades    | 1 |  1.7
Fighting       | 1 |  1.4
Hexes          | 5 |  5.2
Short Blades   | |  1.6
Dodging        | |  2.6
Stealth        | |  4.8
Spellcasting   | |  2.4

Action                     |  1- 3 |  4- 6 || total
---------------------------+-------+-------++-------
  Melee: Dagger            |    83 |    59 ||   142
         Bite              |     7 |     7 ||    14
   Cast: Ensorcelled Hiber |     5 |     8 ||    13
         Confusing Touch   |     1 |       ||     1
    Use: Scroll            |       |     3 ||     3
   Stab: Sleeping          |    13 |     7 ||    20
         Confused          |     1 |       ||     1
 Armour: Robe              |    50 |    45 ||    95
  Dodge: Dodged            |    32 |    34 ||    66

Table legend: (Time is in decaauts)
 A = Elapsed time spent in this place.
 B = Non-inter-level travel time spent in this place.
 C = Inter-level travel time spent in this place.
 D = Time resting spent in this place.
 E = Time spent auto-exploring this place.
 F = Levels seen in this place.
 G = Mean time per level.
                   A        B        C        D        E       F      G
               +--------+--------+--------+--------+--------+-----+--------+
         Total |   1917 |   1780 |    137 |    181 |   1155 |   3 |  639.0 |
       Dungeon |   1917 |   1780 |    137 |    181 |   1155 |   3 |  639.0 |
               +--------+--------+--------+--------+--------+-----+--------+

Top non-repeatable levels by time:
     D:1: 991 daAuts
     D:2: 744 daAuts
     D:3: 181 daAuts
